 Dungeon Crawl Stone Soup version 0.23-a0-650-ga4d50d4 (console) character file.

183 Duffy the Firebug (level 5, 13/40 HPs)
             Began as a Demonspawn Fire Elementalist on Jan 2, 2019.
             Quit the game on level 2 of the Dungeon.
             The game lasted 00:02:37 (3417 turns).

Duffy the Firebug (Demonspawn Fire Elementalist)    Turns: 3417, Time: 00:02:38

Health: 13/40      AC:  3    Str:  9    XL:     5   Next: 35%
Magic:  9/9        EV: 12    Int: 17    God:
Gold:   96         SH:  4    Dex: 13    Spells: 5/9 levels left

rFire    + . .     SeeInvis .   r - +0 whip (venom)
rCold    . . .     Gourm    .   (no shield)
rNeg     . . .     Faith    .   a - +0 robe
rPois    .         Spirit   .   n - +0 helmet
rElec    .         Reflect  .   (no cloak)
rCorr    .         Harm     .   (no gloves)
MR       .....                  (no boots)
Stlth    ++........             (no amulet)
HPRegen  0.13/turn              (no ring)
MPRegen  0.11/turn              (no ring)

@: no status effects
A: large bone plates 1, fire resistance 1
a: no special abilities


You were on level 2 of the Dungeon.
You were hungry.

You visited 1 branch of the dungeon, and saw 3 of its levels.

You collected 96 gold pieces.

Inventory:

Hand Weapons
 f - a +0 short sword
 r - a +0 whip of venom (weapon)
Armour
 a - a +0 robe (worn)
 n - a +0 helmet (worn)
Scrolls
 b - 4 scrolls of magic mapping {unknown}
 d - a scroll of fear {unknown}
 e - a scroll of noise {unknown}
 g - 2 scrolls of identify {unknown}
 h - 4 scrolls of enchant armour {unknown}
 k - a scroll of amnesia {unknown}
 l - 2 scrolls of enchant weapon {unknown}
 m - 4 scrolls of remove curse {unknown}
 p - a scroll of teleportation {unknown}
Potions
 i - a potion of might {unknown}
 j - a potion of mutation {unknown}
 o - 3 potions of curing {unknown}
 s - a potion of degeneration {unknown}
Comestibles
 c - 4 rations


   Skills:
 + Level 2.8 Fighting
 - Level 1.7 Dodging
 - Level 1.7 Stealth
 - Level 2.9 Spellcasting
 - Level 2.5 Conjurations
 - Level 3.5 Fire Magic


You had 5 spell levels left.
You knew the following spells:

 Your Spells              Type           Power        Failure   Level  Hunger
h - Flame Tongue          Conj/Fire      ##...        4%          1    None
l - Conjure Flame         Conj/Fire      ##......     16%         3    ###....

Your spell library contained the following spells:

 Spells                   Type           Power        Failure   Level  Hunger
 Throw Flame              Conj/Fire      ##....       8%          2    ##.....
 Inner Flame              Hex/Fire       #.......     26%         3    ###....
 Sticky Flame             Conj/Fire      ##......     45%         4    ####...
 Fireball                 Conj/Fire      ##........   80%         5    ######.


Dungeon Overview and Level Annotations

Branches:
Dungeon (3/15)

Altars:
Ru

Annotations:
D:3 Robin


Innate Abilities, Weirdness & Mutations

You are partially covered in large bone plates. (SH +4)
Your flesh is heat resistant. (rF+)


Message History

You hit the scorpion but do no damage.
The scorpion is poisoned.
The scorpion closely misses you.
You hit the scorpion but do no damage.
The scorpion is moderately wounded.
You feel sick. The scorpion stings you!
You hit the scorpion.
The scorpion is moderately wounded.
The scorpion barely misses you.
You feel sick.
You kill the scorpion!
Your Fighting skill increases to level 2!
You have reached level 5!
Your demonic ancestry asserts itself...
You feel resistant to heat.
You feel sick.
You feel sick.
You feel sick.
You are no longer poisoned.
You are feeling hungry.
Are you sure you want to abandon this character and quit the game? (Confirm

#.#.##....# #.#.#...#.##
#########.#.#......#
#.........#.#....#.# #####
#..)......#.#....#.# #....
#.........#.####.#.# #####
#.......[.#........# #
#########.........#...##.##########
........'........@'...'.....#......
..#######.........#)..##.#.##.#####
..# #.^.......#...##.#......... ..#
#.........#...##.####.###.. ..#
#.........#...##.# #)###.. ..#
#########.######.####)#.... ### #.#
#.##.....#.. ###### #.#
#.##.....#.. .....#
#####.######.##.....#.#


There were no monsters in sight!

Vanquished Creatures
  A scorpion (D:2)
  Jessica (D:3)
  2 adders (D:2)
  An ooze (D:2)
  2 worms (D:2)
  4 dart slugs
  4 leopard geckos
  An orc (D:3)
  7 bats
  4 giant cockroaches
  11 goblins
  9 hobgoblins
  4 jackals (D:1)
  A quokka (D:2)
  2 frilled lizards
  7 kobolds
  4 rats
65 creatures vanquished.

Notes
Turn   | Place    | Note
-------+----------+-------------------------------------------
     0 | D:1      | Duffy the Demonspawn Fire Elementalist began the quest for
                  | the Orb.
     0 | D:1      | Reached XP level 1. HP: 13/13 MP: 3/3
   249 | D:1      | Gained mutation: You are partially covered in large bone
                  | plates. (SH +4) [demonic ancestry]
   249 | D:1      | Reached XP level 2. HP: 17/19 MP: 1/5
   418 | D:1      | Reached skill level 3 in Fire Magic
   762 | D:1      | Reached XP level 3. HP: 24/24 MP: 1/6
   844 | D:1      | Learned a level 3 spell: Conjure Flame
  1994 | D:2      | Reached XP level 4. HP: 30/30 MP: 4/8
  3098 | D:3      | Found a sacrificial altar of Ru.
  3098 | D:3      | Noticed Jessica
  3105 | D:3      | Killed Jessica
  3105 | D:3      | Reached skill level 1 in Fighting
  3299 | D:3      | Noticed Robin
  3339 | D:2      | Gained mutation: Your flesh is heat resistant. (rF+)
                  | [demonic ancestry]
  3339 | D:2      | Reached XP level 5. HP: 6/40 MP: 9/9
  3417 | D:2      | Quit the game

Vault maps used:
D:1:      lemuel_arrival_broad_hall
D:2:      st_stairs_9
D:3:      lemuel_crystal_altar, first_ration, uniq_robin, uniq_jessica

Skill      XL: |  1  2  3  4 |
---------------+-------------+-----
Fire Magic     | 3 |  3.5
Conjurations   | 2 |  2.5
Fighting       | 2 |  2.8
Dodging        | |  1.7
Stealth        | |  1.7
Spellcasting   | |  2.9

Action                   |  1- 3 |  4- 6 || total
-------------------------+-------+-------++-------
Melee: Unarmed           |     4 |       ||     4
       Short sword       |    36 |     6 ||    42
       Whip              |       |    63 ||    63
 Cast: Flame Tongue      |    75 |    19 ||    94
 Stab: Sleeping          |     4 |       ||     4
  Eat: Chunk             |     4 |     4 ||     8
Armor: Robe              |    14 |    10 ||    24
Dodge: Dodged            |    50 |    45 ||    95
Block: Other             |    22 |    10 ||    32

Table legend:
 A = Non-vault XP
 B = Vault XP
 C = Vault XP percentage of total XP
 D = Non-vault monster count
 E = Vault monster count
 F = Vault count percentage of total count
                 A         B        C        D         E       F
            +---------+---------+-------+---------+---------+-------
      Total |     214 |      48 |  18.3 |      58 |       7 |  10.8
            +---------+---------+-------+---------+---------+-------
        D:1 |      63 |       0 |   0.0 |      30 |       0 |   0.0
        D:2 |     143 |       3 |   2.1 |      24 |       2 |   7.7
        D:3 |       8 |      45 |  84.9 |       4 |       5 |  55.6
            +---------+---------+-------+---------+---------+-------
